 Dungeon Crawl Stone Soup version 0.30-a0-629-gd54f4be4f7 (webtiles) character file.

Game seed: 1541543210473543984

563 ragingrage the Chopper (level 7, -1/56 HPs)
             Began as a Hill Orc Artificer on Jan 12, 2023.
             Slain by an iguana (13 damage)
             ... on level 5 of the Dungeon.
             The game lasted 00:06:53 (4476 turns).

ragingrage the Chopper (Hill Orc Artificer)         Turns: 4476, Time: 00:06:53

Health: -1/56      AC:  4    Str: 20    XL:     7   Next: 32%
Magic:  16/16      EV: 11    Int: 11    God:
Gold:   90         SH:  0    Dex: 11    Spells: 6/6 levels left

rFire   . . .      SeeInvis .    b - +0 war axe
rCold   + . .      Faith    .    (no shield)
rNeg    . . .      Spirit   .    p - +0 leather armour
rPois   .          Reflect  .    (no helmet)
rElec   .          Harm     .    (no cloak)
rCorr   .          Rampage  .    j - +0 pair of gloves {Str+3}
Will    .....                    (no boots)
Stlth   ++                       (no amulet)
HPRegen 0.29/turn                l - ring of magical power
MPRegen 0.15/turn                m - ring of protection from cold

@: no status effects
A: no striking features
a: no special abilities


You were on level 5 of the Dungeon.
You visited 1 branch of the dungeon, and saw 5 of its levels.

You collected 168 gold pieces.
You spent 78 gold pieces at shops.

Inventory:

Hand Weapons
 a - a +2 short sword of flaming
 b - a +0 war axe (weapon)
Missiles
 q - 8 poisoned darts
 t - 4 throwing nets
Armour
 j - a +0 pair of gloves of strength (worn)
 p - a +0 leather armour (worn)
 r - a +0 kite shield
Jewellery
 i - a +6 ring of intelligence
 l - a ring of magical power (left hand)
 m - a ring of protection from cold (right hand)
Wands
 c - a wand of flame (11) (quivered)
 d - a wand of charming (12)
 e - a wand of iceblast (5)
Scrolls
 f - 6 scrolls of identify {unknown}
 g - a scroll of fear {unknown}
 h - 2 scrolls of vulnerability {unknown}
 k - a scroll of magic mapping {unknown}
 n - a scroll of blinking {unknown}
 o - a scroll of noise {unknown}
 s - a scroll of immolation {unknown}


   Skills:
 - Level 2.6 Fighting
 * Level 7.9 Axes
 - Level 2.1 Armour
 - Level 0.7 Dodging
 - Level 3.0 Stealth
 - Level 3.5 Evocations


You had 6 spell levels left.
You didn't know any spells.
Your spell library was empty.

Dungeon Overview and Level Annotations

Branches:
Dungeon (5/15)
 Temple: D:4-7

Altars:
Makhleb
Trog
Vehumet
Wu Jian

Shops:
D:2 ((*[(

Annotations:
D:3 exclusion: statue
D:4 2 transporters, exclusion: yak, Dowan; Duvessa; OTABOTABOTAB's ghost, novice DrTm


Message History

The orc wizard closely misses you.
You slash the orc wizard!
The orc wizard is almost dead.
The orc wizard gestures at you while chanting.
The magic dart hits you!
You closely miss the orc wizard.
The orc wizard is almost dead.
The orc wizard gestures wildly while chanting.
The orc wizard flickers and vanishes!
Deactivating autopickup; reactivate with Ctrl-A.
You completely miss something. Something hits you.
You closely miss something. Something hits you.
You closely miss something. Something hits you but does no damage.
You miss something. Something hits you but does no damage. Something hits you.
You miss something. Something hits you.
You barely miss something. Something hits you but does no damage.
You barely miss something. Something hits you but does no damage.
You closely miss something. Something hits you but does no damage.
You miss something.
You hear some strange, mumbled words.
A puff of flame appears from out of thin air!
The puff of flame hits you!
You closely miss something. Something hits you.
You closely miss something. Something hits you.
You slash something!
Reactivating autopickup.
You feel a bit more experienced.
You swing at nothing.
You swing at nothing.
The iguana bites you!
* * * LOW HITPOINT WARNING * * *
You barely miss the iguana.
The iguana is severely wounded.
The iguana closely misses you.
You closely miss the iguana.
The iguana is severely wounded.
The iguana closely misses you.
You completely miss the iguana.
The iguana is severely wounded.
The iguana bites you!
You die...

#l.####.# #.......# #.# #.#
#)# #.############# # ##
#.))..........# .# ###.
##)##.##.####l###>.# ##...
#.##.##.####.@....########....
#.##.............###..........
####.#####.##.#.#####
#.......... ........).......#
#....#.#... .....########.###
#......###. .....# ##.##
#...#..# ## .#...# #...#
#...#..# .....# #...#
#......#### ...(.# #...#
##..#.##...


You could see an iguana.

Vanquished Creatures
  An ice beast (D:5)
  An ogre (D:5)
  A jelly (D:5)
  An orc priest (D:5)
  An iguana (D:4)
  Ijyb (D:5)
  3 orc wizards (D:5)
  5 adders
  2 gnolls (D:5)
  An ufetubus (D:5)
  A worm (D:2)
  2 dart slugs
  11 orcs
  9 ball pythons
  6 bats
  7 endoplasms
  4 giant cockroaches
  6 goblins
  5 hobgoblins
  4 jackals (D:3)
  4 quokkas
  4 frilled lizards
  6 kobolds
  8 rats
94 creatures vanquished.

Vanquished Creatures (collateral kills)
  A dart slug (D:5)
  An orc (D:5)
2 creatures vanquished.

Vanquished Creatures (others)
  2 orc wizards (D:5)
  2 gnolls (D:5)
  2 plants (D:1)
6 creatures vanquished.

Grand Total: 102 creatures vanquished

Notes
Turn   | Place    | Note
-------+----------+-------------------------------------------
     0 | D:1      | ragingrage the Hill Orc Artificer began the quest for the
                  | Orb.
     0 | D:1      | Reached XP level 1. HP: 16/16 MP: 1/1
    97 | D:1      | Reached skill level 1 in Stealth
   233 | D:1      | Reached XP level 2. HP: 24/24 MP: 2/2
   626 | D:1      | Found a faded altar of an unknown god.
   682 | D:1      | Reached XP level 3. HP: 26/29 MP: 3/3
  1294 | D:2      | Found Wonovul's General Store.
  1404 | D:2      | Bought a potion of curing for 33 gold pieces
  1446 | D:2      | Found Vofret's Antique Armour Shop.
  1484 | D:2      | Found Ysais's Weapon Emporium.
  1535 | D:2      | Found Ytab Wud's Weapon Shoppe.
  1539 | D:2      | Found Gaxt's Antique Weapon Emporium.
  1773 | D:2      | Bought a +0 war axe for 45 gold pieces
  1827 | D:3      | Found a burning altar of Makhleb.
  1853 | D:3      | Reached skill level 1 in Axes
  1853 | D:3      | Reached XP level 4. HP: 33/37 MP: 4/4
  2028 | D:3      | Found a bloodstained altar of Trog.
  2217 | D:3      | Reached skill level 2 in Axes
  2715 | D:3      | Found a radiant altar of Vehumet.
  2715 | D:3      | Noticed a charred statue
  2924 | D:4      | Noticed a yak
  2997 | D:4      | Reached skill level 3 in Axes
  2997 | D:4      | Reached XP level 5. HP: 12/42 MP: 5/5
  3216 | D:4      | Found a transporter.
  3218 | D:4      | Found a transporter.
  3235 | D:4      | Noticed OTABOTABOTAB's ghost (novice DrTm)
  3247 | D:4      | Noticed Duvessa
  3247 | D:4      | Noticed Dowan
  3306 | D:5      | Entered Level 5 of the Dungeon
  3373 | D:5      | Noticed Ijyb
  3377 | D:5      | Reached skill level 4 in Axes
  3392 | D:5      | Reached XP level 6. HP: 14/50 MP: 6/6
  3418 | D:5      | Killed Ijyb
  3425 | D:5      | Reached skill level 5 in Axes
  3478 | D:5      | Noticed an ice beast
  3585 | D:5      | Killed an ice beast
  3586 | D:5      | Reached skill level 6 in Axes
  3732 | D:5      | Found an ornate altar of the Wu Jian Council.
  4091 | D:5      | Reached skill level 7 in Axes
  4091 | D:5      | Reached XP level 7. HP: 36/56 MP: 7/7
  4476 | D:5      | Slain by an iguana

Illustrated notes

Levels and vault maps discovered:
D:1:      zelgadis_glass_arrival_small, layout_basic,
          chequers_ecumenical_altar_lobes, minmay_vboxes
D:2:      wander_river, layout_rooms, serial_shops, nicolae_shop_crystal, shop,
          nicolae_shop_bloodbath_and_beyond, shop, shop
D:3:      layout_basic, bloody_makhleb, mainiacjoe_overflow_six_doors_small,
          vehumet_statue, serial_curves, eino_curves_01, eino_curves_04
D:4:      layout_basic, gammafunk_ghost_abyssal_escape, uniq_duvessa
D:5:      layout_loops_cross, pdpol_wu_jian_five_deadly_venoms, st_stairs_2,
          abandoned_shop, uniq_ijyb

Skill      XL: |  1  2  3  4  5  6 |
---------------+-------------------+-----
Stealth        | 1 2 3 |  3.0
Fighting       | 2 |  2.6
Axes           | 1 3 4 7 |  7.9
Armour         | |  2.1
Dodging        | |  0.7
Evocations     | |  3.5

Action                   |  1- 3 |  4- 6 |  7- 9 || total
-------------------------+-------+-------+-------++-------
Melee: Club              |    25 |       |       ||    25
       Dagger            |   138 |    95 |       ||   233
       War axe           |       |   110 |    36 ||   146
       Punch             |       |     3 |       ||     3
       Short sword       |       |    30 |       ||    30
Throw: Dart              |       |     3 |       ||     3
Evoke: Wand              |       |     4 |     3 ||     7
  Use: Potion            |       |     6 |       ||     6
 Stab: Sleeping          |     2 |     3 |       ||     5
       Invisible         |       |     2 |       ||     2
Armor: Leather armour    |    47 |    64 |     8 ||   119
Dodge: Dodged            |    92 |    96 |    15 ||   203

Table legend: (Time is in decaauts)
 A = Elapsed time spent in this place.
 B = Non-inter-level travel time spent in this place.
 C = Inter-level travel time spent in this place.
 D = Time resting spent in this place.
 E = Time spent auto-exploring this place.
 F = Levels seen in this place.
 G = Mean time per level.
                   A        B        C        D        E       F      G
               +--------+--------+--------+--------+--------+-----+--------+
         Total |   4441 |   4285 |    156 |    870 |   2318 |   5 |  888.2 |
       Dungeon |   4441 |   4285 |    156 |    870 |   2318 |   5 |  888.2 |
               +--------+--------+--------+--------+--------+-----+--------+

Top non-repeatable levels by time:
     D:5: 1189 daAuts
     D:1: 1079 daAuts
     D:3: 942 daAuts
     D:2: 714 daAuts
     D:4: 515 daAuts
